Unix NetHack Version 5.0.0-0 post-release - last build Jun 10 2026 00:39:30 (3ee93aec679c4c4259841fe613dc97188e26a321,branch:main).

Game began 2026-07-06 11:45:42, ended 2026-07-07 10:52:34.

Calendula, neutral female human Wizard

                                                          -------
                                                       ----..)..------
                                                       |...<--.......---
                                                       |.--------......----
                                                       |.|     --)........|
                                                  ---  |.|     |.........--
                                                 --.-- |.|     ---......--
                            -- -                 |...| |.| --------.|.---
                            |... -               |-.----.|--....-- ----
                             -....               |.......||......|
                            --..(..            ---...-----|......|
                            |........          |.......|  |...[..----  ----
                             -........        --.......|------).....---.|.----
                             |..........    ---........--..---.......|.......--
                              -...........---.......--......|.................|
                                -...................|----.....>..............--
                                 -..............-...----.....................-
                                 -...............@...)...---..................|
                           -............---..------...---- --.....---.|.--....|
                           ...........--  ---     -----     ------- ----- --.--
                          ------------                                      --
Calendula the Thaumaturge  St:13 Dx:11 Co:16 In:18 Wi:13 Ch:10  Neutral
Dlvl:5  $:136 HP:0(52) Pw:31(55) AC:9  Xp:7 T:5010  Blind

Latest messages:
 The dwarf wields a dagger!
 You hit the dwarf!
 The dwarf thrusts her dagger.
 The dwarf hits!
 You kill the dwarf!
 G - a blue gem.
 H - a white gem.
 Drift eats a gnome corpse.
 $ - 17 gold pieces (136 in total).
 Drift eats a dwarf corpse.
 In what direction? 4
 The spell hits the gnome!
 You kill the gnome!
 You feel strong!
 You must have been exercising diligently.
 The dust vortex engulfs you!
 Your brass lantern goes out!
 You can't see in here!
 In what direction? 7
 The spell hits the dust vortex!
 You hit the dust vortex.
 You destroy the dust vortex!
 You hear a nearby zap.
 The wand misses you.
 You feel an unseen monster!
 You hear a nearby zap.
 The wand hits it.
 The wand hits you!
 You hear a nearby zap.
 The wand hits you!
 You hear a nearby zap.
 The wand hits it!
 The wand hits it.
 You feel an unseen monster!
 It bites!
 Its bite was poisoned!
 You miss it.
 It bites!
 You miss it.
 It bites!
 You hear some noises.
 You hear a nearby zap.
 The wand hits it!
 The wand hits you!
 You die...
 Do you want your possessions identified? [ynq] (y) n
 Do you want to see your attributes? [ynq] (y) n
 Do you want an account of creatures vanquished? [ynaq] (y) n
 Do you want to see your conduct and achievements? [ynq] (y) n
 Do you want to see the dungeon overview? [ynq] (y) n

Inventory:
 Coins    ('$')
  $ - 136 gold pieces
 Amulets  ('"')
  z - a cursed amulet of change
 Weapons  (')')
  C - a cursed -2 dagger
  y - a cursed +0 knife
  a - a blessed +1 quarterstaff (weapon in hands)
 Armor    ('[')
  s - a cursed -1 pair of iron shoes
  L - an uncursed +0 cloak of displacement (being worn)
  b - an uncursed burnt +0 cloak of magic resistance
  M - an uncursed +0 mummy wrapping
 Comestibles  ('%')
  u - 2 uncursed cram rations
  i - 2 uncursed food rations
  r - 6 uncursed food rations
 Scrolls  ('?')
  v - a blessed scroll of blank paper
  t - 2 uncursed scrolls of blank paper
  n - an uncursed scroll of magic mapping
  N - an uncursed scroll of teleportation
 Spellbooks  ('+')
  k - a blessed spellbook of force bolt
  l - an uncursed spellbook of light
 Potions  ('!')
  w - an uncursed potion of healing
  g - 2 uncursed potions of water
 Rings    ('=')
  d - an uncursed ring of polymorph
  I - an uncursed ring of teleport control
  e - an uncursed ring of teleportation
 Wands    ('/')
  J - a wand of death (0:5)
  E - a wand of digging (0:5)
  c - a wand of magic missile (0:6)
 Tools    ('(')
  A - an uncursed blindfold
  q - an uncursed brass lantern
  m - a magic marker (0:22)
  p - a cursed magic whistle
 Gems/Stones  ('*')
  F - an uncursed jade stone
  G - an uncursed worthless piece of blue glass
  B - 2 cursed worthless pieces of blue glass
  D - 2 uncursed worthless pieces of violet glass
  H - an uncursed worthless piece of white glass

Calendula the Wizard's attributes:

Background:
 You were a Thaumaturge, a level 7 female human Wizard.
 You were neutral, on a mission for Thoth
 who was opposed by Ptah (lawful) and Anhur (chaotic).
 You were right-handed.
 You were in the Gnomish Mines, on level 5.
 You entered the dungeon 5010 turns ago.
 You had 788 experience points, 492 more were needed to attain level 8.

Basics:
 You had 0 out of 52 hit points.
 You had 31 out of 55 energy points (spell power).
 Your armor class was 9.
 Your wallet contained 136 zorkmids.
 Autopickup was off.

Final Characteristics:
 Your strength was 13 (limit:18/100).
 Your dexterity was 11 (limit:18).
 Your constitution was 16 (limit:18).
 Your intelligence was 18 (limit:18).
 Your wisdom was 13 (limit:18).
 Your charisma was 10 (limit:18).

Final Status:
 You were temporarily blind.
 You weren't hungry.
 You were unencumbered.
 You were wielding a quarterstaff.
 You had basic skill with quarterstaff and could have enhanced that.

Final Attributes:
 You were piously aligned.
 You were displaced.
 You were warded.
 You are dead.

Miscellaneous:
 You didn't encounter any bones levels.
 Total elapsed playing time was 1 hour, 42 minutes and 59 seconds.

Major events:
 Turn
    1: Calendula the neutral female human Wizard entered the dungeon
  696: attained the rank of Conjurer (level 3)
 1132: entered the Gnomish Mines
 3202: attained the rank of Thaumaturge (level 6)
 5010: killed by a wand

Spells:
 Name                 Level Category     Fail Retention
 force bolt             1   attack         0%   71%-80%
 light                  1   divination     0%   51%-75%

Skills:
 Fighting Skills
   bare handed combat [Unskilled]
   riding             [Unskilled]
 Weapon Skills
   dagger             [Unskilled]
   knife              [Unskilled]
   axe                [Unskilled]
   short sword        [Unskilled]
   club               [Unskilled]
   mace               [Unskilled]
   quarterstaff       [Basic]
   polearms           [Unskilled]
   spear              [Unskilled]
   trident            [Unskilled]
   sling              [Unskilled]
   dart               [Unskilled]
   shuriken           [Unskilled]
 Spellcasting Skills
   attack spells      [Basic]
   healing spells     [Unskilled]
   divination spells  [Unskilled]
   enchantment spells [Basic]
   clerical spells    [Unskilled]
   escape spells      [Unskilled]
   matter spells      [Unskilled]

Voluntary challenges:
 Character rerolling was not enabled.
 You never genocided any monsters.
 You never polymorphed an object.
 You never changed form.
 You used no wishes.
Achievements:
 You entered a shop.
 You attained the rank of Conjurer.
 You entered the Gnomish Mines.
 You attained the rank of Thaumaturge.

 The Dungeons of Doom: levels 1 to 7
    Level 1:
       A fountain.
    Level 2:
       A food shop.
    Level 3:
       A sink.
       Stairs down to The Gnomish Mines.
    Level 4:
       An armor shop, a grave.
    Level 5:
    Level 6:
       Some fountains.
    Level 7:
 The Gnomish Mines: levels 4 to 5
    Level 4:
    Level 5: <- You were here.
       Final resting place for
          you, killed by a wand.


Vanquished creatures:
  a small mimic
  a gnome ruler
  2 dust vortices
  a water nymph
 an orc shaman
  3 rock piercers
  a rock mole
  a pony
  2 fog clouds
  a yellow light
  3 gnome leaders
  a gnomish wizard
  a kobold mummy
  a paper golem
  8 giant ants
  a floating eye
  3 dwarves
 10 hill orcs
  a rothe
  2 orc zombies
  2 dwarf zombies
  2 wererats
  2 iguanas
  a killer bee
  4 acid blobs
  2 hobbits
  2 manes
  a large kobold
  a hobgoblin
  3 giant rats
  a cave spider
  a brown mold
 15 gnomes
  2 garter snakes
  6 geckos
  5 jackals
  2 foxes
  a kobold
  4 goblins
  2 sewer rats
  a grid bug
  2 lichens
  a kobold zombie
  3 newts
111 creatures vanquished.

No species were genocided or became extinct.

Game over:
                       ----------
                      /          \
                     /    REST    \
                    /      IN      \
                   /     PEACE      \
                  /                  \
                  |    Calendula     |
                  |      136 Au      |
                  | killed by a wand |
                  |                  |
                  |                  |
                  |                  |
                  |       2026       |
                 *|     *  *  *      | *
        _________)/\\_//(\/(/\)/\//\/|_)_______

Goodbye Calendula the Wizard...

You died in The Gnomish Mines on dungeon level 5 with 3615 points,
and 136 pieces of gold, after 5010 moves.
You were level 7 with a maximum of 52 hit points when you died.

